 Dungeon Crawl Stone Soup version 0.14-a0-1585-g835621a (webtiles) character file.

487820 Psiweapon the Fey Dwarf (level 23, -4/245 (250) HPs)
             Began as a Deep Dwarf Necromancer on Dec 13, 2013.
             Was a Believer of Yredelemnul.
             Slain by an acid blob (24 damage)
             ... created by the royal jelly
             ... on Level 6 of the Pits of Slime on Dec 22, 2013.
             The game lasted 19:24:47 (88300 turns).

Psiweapon the Fey Dwarf (Deep Dwarf Necromancer)   Turns: 88300, Time: 19:24:47

HP  -4/245 (250) AC 25     Str 16      XL: 23   Next: 48%
MP  21/37        EV 19     Int 30 (31) God: Yredelemnul [**....]
Gold 3078        SH  0     Dex 14      Spells: 13 memorised,  1 level left

rFire  + . .     SeeInvis .     b - +6,+8 lajatang of Luickev {freeze, Int+4}
rCold  . . .     Clarity  +     Y - +5 steam dragon armour
rNeg   + . .     Conserve +     (no shield)
rPois  .         rCorr    +     Q - +1 helmet {Int+3}
rElec  .         rRot     .     v - +2 cloak {rCorr, Cons}
SustAb . .       Spirit   .     L - +2 pair of gloves "Meivoako" {rF+ Dex+3}
rMut   +         Warding  .     U - +0 pair of boots
Saprov . . .     Stasis   .     s - amulet of resist mutation
                                G - ring of Lilacs {Wiz +Blink Int+2 Acc+2}
                                k - ring of sustenance

@: non-regenerating, very slightly contaminated, hasted, very quick, extremely
resistant to hostile enchantments, fairly stealthy
A: damage resistance, recharge devices, clarity, clumsy 1, mutation resistance
1, life protection 1, sense surroundings 3, robust 1, slow healing 3, spit
poison 1
a: Device Recharging, Spit Poison, Animate Remains, Recall Undead Slaves, Injury
Mirror, Renounce Religion, Evoke Blink
}: 3/15 runes: barnacled, silver, gossamer


You were on level 6 of the Pits of Slime.
You worshipped Yredelemnul.
Yredelemnul was pleased with you.
You were not hungry.

You visited 12 branches of the dungeon, and saw 65 of its levels.
You visited 2 bazaars.
You also visited: Labyrinth, Trove, Sewer, Ossuary, Bailey, Ice Cave and Wizlab.

You collected 7074 gold pieces.
You spent 3996 gold pieces at shops.

Inventory:

Hand weapons
 b - the +6,+8 lajatang of Luickev (weapon) {freeze, Int+4}
   (You acquired it on level 2 of the Lair of Beasts)

   It has been specially enchanted to freeze those struck by it, causing extra
   injury to most foes and up to double damage against particularly susceptible
   opponents.
   It can also slow down cold-blooded creatures.
   It affects your intelligence (+4).
 l - the +8,+10 long sword of Dim Light {pain, rF+ SInv}
   (You found it on level 3 of the Elven Halls)

   In the hands of one skilled in necromantic magic, it inflicts extra damage on
   living creatures.
   It protects you from fire.
   It enhances your eyesight.
 T - the +3,+3 Elemental Staff {rElec rF++ rC++ MR++ AC+5}
   (You found it on level 8 of the Lair of Beasts)

   It affects your AC (+5).
   It greatly protects you from fire.
   It greatly protects you from cold.
   It insulates you from electricity.
   It affects your resistance to hostile enchantments.
Armour
 v - a +2 cloak of preservation (worn)
 L - the +2 pair of gloves "Meivoako" (worn) {rF+ Dex+3}
   (You found it on level 5 of the Vaults)

   It affects your dexterity (+3).
   It protects you from fire.
 Q - a +1 helmet of intelligence (worn)
 U - a +0 pair of boots (worn)
 Y - a +5 steam dragon armour (worn)
Magical devices
 h - a wand of draining (6)
 p - a wand of heal wounds (0)
 q - a wand of digging (10)
 r - a wand of cold (10)
Comestibles
 g - 8 bread rations
Scrolls
 u - 2 scrolls of blinking
 y - 16 scrolls of identify
Jewellery
 k - a ring of sustenance (left hand)
 s - an amulet of resist mutation (around neck)
 t - a +5 ring of protection
 E - an uncursed amulet of resist corrosion
 G - the ring of Lilacs (right hand) {Wiz +Blink Int+2 Acc+2}
   (You bought it in a shop on level 15 of the Dungeon)

   [ring of wizardry]

   It affects your intelligence (+2).
   It affects your accuracy (+2).
   It lets you blink.
 J - a +6,+6 ring of slaying
 M - an uncursed ring of poison resistance
 R - an uncursed ring of protection from cold
 S - an uncursed ring of protection from magic
Potions
 C - 7 potions of heal wounds
 K - 3 potions of resistance
 O - a potion of speed
Books
 a - Fuoqukk's Grimoire of Aid
   (You found it on level 5 of the Vaults)

   Spells                             Type                      Level
   Fire Brand                         Charms/Fire                  2
   Sure Blade                         Hexes/Charms                 2
   Regeneration                       Charms/Necromancy            3
   Spectral Weapon                    Hexes/Charms                 3
Magical staves
 I - an uncursed staff of death
Miscellaneous
 c - a lamp of fire (inert)
 e - a lamp of fire (inert)
 j - a disc of storms
 W - a lamp of fire
Rods
 i - a +7 lightning rod (17/17)
   (You acquired it on level 4 of the Lair of Beasts)
 x - a +5 lightning rod (15/15)
   (You found it in a labyrinth)


   Skills:
 + Level 18.2 Fighting
 + Level 9.9 Long Blades
   Level 8.6 Axes
 - Level 13.4 Staves
 + Level 16.8 Armour
 + Level 11.0 Dodging
 - Level 3.1 Stealth
 - Level 10.2 Spellcasting
 - Level 4.6 Summonings
 - Level 18.2 Necromancy
 - Level 5.1 Ice Magic
 - Level 20.5 Invocations
 - Level 11.0 Evocations


You had one spell level left.
You knew the following spells:

 Your Spells              Type           Power        Failure   Level  Hunger
a - Pain                  Necr           ####         0%          1    None
b - Vampiric Draining     Necr           #######...   0%          3    None
c - Animate Skeleton      Necr           N/A          0%          1    None
d - Control Undead        Necr           #######...   1%          4    None
e - Blink                 Tloc           N/A          2%          2    None
f - Conjure Flame         Conj/Fire      ###.....     4%          3    None
g - Twisted Resurrection  Necr           #######...   1%          5    ##.....
h - Death Channel         Necr           #######...   1%          6    #####..
i - Agony                 Necr           #######.     1%          5    ##.....
j - Repel Missiles        Chrm/Air       ###.......   2%          2    None
k - Sublimation of Blood  Necr           #######...   0%          2    None
l - Simulacrum            Ice/Necr       ######....   2%          6    #####..
m - Summon Butterflies    Summ           #####...     1%          1    None


Dungeon Overview and Level Annotations

Branches:
Dungeon (16/16)            Temple (1/1) D:6             Orc (4/4) D:11
    Elf (3/3) Orc:3          Lair (8/8) D:11         Shoals (5/5) Lair:3
 Spider (5/5) Lair:5        Slime (6/6) Lair:7       Vaults (5/5) D:14
  Blade (0/1) Vaults:4       Tomb (0/3) Forest:3        Zot (3/5) Depths:6
 Forest (3/5) Vaults:3     Depths (6/6) D:16

Altars:
Ashenzari
Cheibriados
Elyvilon
Fedhas
Kikubaaqudgha
Makhleb
Nemelex Xobeh
Okawaru
Sif Muna
Trog
Vehumet
Xom
Yredelemnul
Zin
the Shining One
Beogh
Lugonu

Shops:
D:6 ?   D:7 =//?   D:15 =   Orc:4 %%/:[!:[%   Shoals:1 %   Vaults:1 [
Vaults:2 /   Depths:4 *

Portals:
Hell: Depths:1 Depths:2 Depths:3 Depths:4 Depths:5 Depths:6
Abyss: Depths:2 Depths:4
Pandemonium: Depths:3 Depths:4

Annotations:
Lair:8 1 exclusion
Slime:2 exclusion: upstairs
Slime:6 Royal Jelly
Forest:3 exclusion: oklob plant


Innate Abilities, Weirdness & Mutations

You are resistant to damage.
You can recharge devices by infusing magical energy.
You resist negative energy.
You passively map a large area around you.
You do not heal naturally.
You possess an exceptional clarity of mind.
You are clumsy. (Dex -2)
You are somewhat resistant to further mutation.
You are robust (+10% HP).
You can spit poison.


Message History

The acid blob is lightly wounded.
The royal jelly misses you. The royal jelly hits you.
You are splashed with acid!
The acid burns!
You resist.
* * * LOW HITPOINT WARNING * * *
Yredelemnul mirrors your injury!
The royal jelly is almost dead.
Read which item? (? for menu, Esc to quit)
As you read the scroll of blinking, it crumbles to dust.
A powerful magic interferes with your control of the blink.
You blink.
The acid blob spits acid at you. The splash of acid misses you.
Evoke which item? (* to show all) (? for menu, Esc to quit)
Okay, then.
Drink which item? (? for menu, Esc to quit)
You feel yourself speed up.
Your dark mirror aura disappears.
The acid blob hits you!
You die...
Your body rises from the dead as a mindless zombie.

#............ , , , ,
#............... , , ,
###.................
####...<................ ,
, ,
#........................ ,
,
..........................
, ,
...........................
,,
.................J.........
,,,
...............@J.J.......,
...............JJJ........
............####.#####.. ,
,..........## *#.J# , , , ,
........##, ##.#, * ,, , ,
......## J# , * , , , ,
....##, ## , , ,..* * , *,
, , , ,, , * , , ,,* ,


You could see the royal jelly, 5 acid blobs and a death ooze.

Vanquished Creatures
  An ancient lich (WizLab)
  Norris (Depths:3)
  Mara (Vaults:5)
  A player illusion (Vaults:5)
  A bone dragon (Zot:2)
  2 golden dragons
  A lich (Vaults:5)
  A tentacled monstrosity (Zot:2)
  7 acid blobs
  2 krakens
  An ancient champion (WizLab)
  Agnes (Spider:2)
  Rupert (Elf:1)
  2 tengu reavers (Vaults:5)
  A draconian monk (Zot:2)
  A frost giant (D:16)
  3 azure jellies (Slime:6)
  Wiglaf (Elf:2)
  2 deep elf sorcerers (Elf:3)
  Ilsuiw (Shoals:5)
  4 vault wardens
  3 ghost moths
  2 emperor scorpions
  An ancient bear (Forest:2)
  10 stone giants
  3 draconian shifters
  A green draconian (Zot:1)
  An apis (Forest:1)
  4 deep elf demonologists
  2 deep elf annihilators (Elf:3)
  A mottled draconian (Depths:6)
  3 yellow draconians
  A black draconian (Zot:2)
  A pale draconian (Zot:2)
  A white draconian (Depths:6)
  A satyr (Forest:3)
  2 ettins
  4 death oozes (Slime:6)
  4 sirens
  10 yaktaur captains
  5 dire elephants
  5 ironheart preservers
  19 vault guards
  A fire dragon (Zot:2)
  A minotaur (Lab)
  3 death cobs
  3 ogre magi
  A deep elf high priest (Elf:3)
  Harold (D:15)
  Josephine (Shoals:1)
  3 ice dragons
  3 merfolk impalers (Shoals:5)
  Nessos (Vaults:1)
  8 hydras
  2 spriggan berserkers
  An anaconda (Forest:3)
  3 deep troll shamans
  A spriggan enchanter (Forest:3)
  A spriggan (Forest:2)
  2 tengu warriors
  6 deep troll earth magi
  2 very ugly things
  3 dryads
  An orc high priest (Vaults:5)
  4 death yaks (Lair:8)
  2 naga warriors (Depths:5)
  Urug (Spider:1)
  8 centaur warriors
  2 iron trolls
  5 hell knights
  4 water nymphs
  8 skeletal warriors (WizLab)
  3 fauns (Forest:3)
  5 sea snakes
  8 deep elf knights
  2 giant orange brains
  2 unseen horrors
  9 deep trolls
  8 hill giants
  2 ice statues (IceCv)
  A harpy (Shoals:5)
  3 deep elf conjurers
  The ghost of July the Spear-Bearer, an experienced MiCK of Xom (D:5)
  4 necromancers
  8 giant amoebae
  2 red wasps (Spider:5)
  An orc sorcerer (Vaults:3)
  5 wolf spiders
  2 wizards
  12 orc knights
  5 ironbrand convokers
  6 griffons
  An octopode (D:10)
  4 shining eyes
  4 black mambas
  3 moths of wrath
  A flaming corpse (D:16)
  3 elephants
  2 cyclopes
  A spiny worm (Vaults:3)
  4 vault sentinels
  9 deep elf summoners
  A phantasmal warrior (Vaults:5)
  Psyche (D:12)
  2 queen ants
  3 orb spiders
  3 demonic crawlers
  The ghost of July the Thaumaturge, an experienced SpEn of Ashenzari (D:6)
  An elf (shapeshifter) (Elf:3)
  7 mermaids
  17 yaktaurs
  A naga mage (Depths:1)
  8 spiny frogs
  4 removed MONS_FORMICID_DRONEs
  2 guardian mummies (Forest:3)
  A tengu conjurer (Depths:4)
  4 giant fireflies (Forest:2)
  6 trolls
  2 wind drakes (Forest:1)
  4 snapping turtles
  Sonja (Shoals:1)
  8 komodo dragons
  6 jumping spiders
  A polar bear (Spider:2)
  A harpy skeleton (Shoals:1)
  An iron devil (Depths:3)
  A griffon zombie (D:14)
  11 two-headed ogres
  4 blink frogs (Lair:2)
  44 slime creatures
  A basilisk (shapeshifter) (Vaults:3)
  2 boulder beetles
  5 brown oozes
  2 grizzly bears
  2 tarantellas (shapeshifter)
  3 vampires (WizLab)
  3 basilisks
  2 wyverns
  16 deep elf magi
  5 sharks
  24 yaks
  11 redbacks
  A fire elemental (Spider:2)
  2 wraiths
  5 tarantellas
  7 trapdoor spiders
  11 golden eyes
  A hungry ghost (D:11)
  A clay golem (Vaults:2)
  12 merfolk
  40 ugly things
  16 deep elf fighters
  11 vampire mosquitoes
  2 hill giant skeletons (D:11)
  8 hippogriffs
  2 steam dragons (D:11)
  A hell hound (Spider:2)
  11 manticores
  9 wolves
  2 yellow wasps
  15 soldier ants
  4 porcupines
  5 giant goldfish
  3 sky beasts
  25 ogres
  2 phantoms
  A black bear (shapeshifter) (Vaults:2)
  4 ice beasts
  43 orc warriors
  2 boring beetles
  31 centaurs
  4 tengu
  Duvessa (D:5)
  8 crocodiles
  15 giant frogs
  3 giant slugs
  12 wargs
  3 big kobolds
  3 formicids (Spider:1)
  A brain worm (Vaults:1)
  6 water moccasins
  A cyclops zombie (D:10)
  6 agate snails
  A gnoll sergeant (D:11)
  2 cyclops skeletons (D:11)
  17 killer bees
  8 jellyfish
  A hippogriff zombie (D:13)
  5 eyes of draining
  3 troll zombies
  A yak zombie (D:10)
  9 wights
  5 crimson imps
  A centaur zombie (D:7)
  3 electric eels
  A troll skeleton (D:10)
  A yellow wasp zombie (D:10)
  Dowan (D:5)
  10 hounds
  A goliath beetle (D:9)
  A quasit (D:5)
  11 big fish
  5 jellies
  25 orc wizards
  25 orc priests
  4 iguanas
  A giant frog skeleton (D:10)
  2 scorpions (D:10)
  2 spiders (Spider:5)
  29 worker ants
  9 sheep
  A brain worm zombie (D:11)
  Ijyb (D:7)
  An ogre skeleton (D:10)
  4 ogre zombies (WizLab)
  7 boggarts
  3 mummies (Ossuary)
  13 green rats
  4 gnolls (D:10)
  26 adders
  A giant centipede (D:11)
  6 giant mites
  2 worms (D:7)
  18 grey rats (Sewer)
  3 giant eyeballs
  11 giant geckos
  2 oozes
  147 orcs
  6 ball pythons
  21 bats
  3 giant cockroaches
  A gnoll zombie (Ossuary)
  20 hobgoblins
  13 jackals
  38 kobolds
  7 quokkas
  3 giant newts
  17 goblins
  A hobgoblin zombie (Ossuary)
  2 jackal zombies (D:6)
  2 kobold zombies (Ossuary)
  3 orc zombies
  22 rats
  2 butterflies (Forest:1)
  3 plants
  2 snaplasher vines
  5 tentacles
1490 creatures vanquished.

Vanquished Creatures (collateral kills)
  Saint Roka (Vaults:5)
  Boris (thrice) (Forest:1 Depths:3 Depths:5)
  Sojobo (Forest:2)
  Margery (Depths:5)
  3 golden dragons
  Jory (Forest:2)
  4 bone dragons
  An electric golem (Zot:3)
  Xtahua (Forest:2)
  9 tentacled monstrosities
  A lich (Depths:1)
  3 titans
  The ghost of 4tharraofdagon the Brawler, a mighty TrMo of Makhleb (Depths:6)
  A quicksilver dragon (Depths:6)
  2 deep elf master archers (Elf:3)
  A kraken (Shoals:4)
  6 storm dragons
  4 sphinxes
  6 tengu reavers
  4 deep elf blademasters
  8 shadow dragons
  Roxanne (Spider:1)
  8 vault wardens
  6 deep elf sorcerers
  Donald (Vaults:4)
  9 fire giants
  6 frost giants
  An azure jelly (shapeshifter) (Vaults:5)
  3 ghost moths (Spider:5)
  An iron dragon (Depths:5)
  A balrug (Depths:4)
  5 emperor scorpions (Spider:5)
  Jorgrun (Vaults:5)
  2 ancient bears (Forest:3)
  A draconian annihilator (Zot:2)
  30 stone giants
  The ghost of Drahman the Fighter, a powerful DrMo of Nemelex Xobeh (Lair:5)
  A treant (Forest:2)
  2 green draconians
  3 grey draconians
  A vampire knight (Depths:1)
  4 deep elf demonologists
  3 deep elf annihilators (Elf:3)
  A draconian caller (Depths:6)
  An apis (Forest:1)
  A lorocyproca (Depths:3)
  Azrael (Spider:2)
  2 purple draconians (Depths:6)
  2 black draconians
  2 pale draconians
  2 red draconians
  13 dire elephants
  A mottled draconian (Zot:2)
  5 merfolk javelineers
  Snorg (Spider:1)
  A minotaur (shapeshifter) (Vaults:5)
  A great orb of eyes (Vaults:3)
  3 spriggan air magi
  2 merfolk impalers (Shoals:5)
  6 fire dragons
  17 vault guards
  2 sirens
  23 ettins
  3 ironheart preservers
  A deep elf high priest (Elf:3)
  4 death cobs
  A merfolk aquamancer (Shoals:5)
  25 yaktaur captains
  A spectral fire giant (Depths:4)
  A hydra (shapeshifter) (Vaults:5)
  5 ice dragons
  An anaconda (Forest:1)
  11 ogre magi
  11 hydras
  2 dancing weapons (Vaults:4)
  10 deep troll earth magi
  The ghost of Torious the Convoker, a powerful DESu of Sif Muna (Spider:1)
  An alligator snapping turtle (shapeshifter) (Vaults:4)
  4 tengu warriors
  A ravenous item mimic (Spider:4)
  A spriggan druid (Forest:2)
  2 spriggan berserkers
  An orc high priest (Vaults:4)
  A spriggan assassin (Forest:3)
  A rakshasa (Depths:3)
  7 deep troll shamans
  A titan zombie (D:16)
  2 sun demons (Depths:4)
  2 fire crabs
  6 fauns
  The ghost of Torious the Convoker, a powerful DESu of Sif Muna (Lair:5)
  A naga warrior (Depths:1)
  8 iron trolls
  An iron golem (D:16)
  A water nymph (Forest:1)
  2 water nymphs (shapeshifter) (Vaults:5)
  6 very ugly things
  Nergalle (D:12)
  16 centaur warriors
  13 deep elf knights
  27 deep trolls
  2 skeletal warriors (WizLab)
  5 dryads
  12 hell knights
  3 catoblepae
  An unseen horror (D:13)
  2 unseen horrors (shapeshifter) (Depths:4)
  A giant orange brain (Depths:3)
  2 shadow wraiths
  10 sea snakes
  A flayed ghost (Vaults:3)
  A deep troll (shapeshifter) (Depths:3)
  20 hill giants
  An ice statue (D:11)
  7 ironbrand convokers
  7 harpies
  6 deep elf conjurers
  8 griffons
  15 wolf spiders
  A hellion (Elf:2)
  A cyclops (shapeshifter) (Vaults:4)
  A lindwurm (shapeshifter) (Depths:3)
  3 giant amoebae
  A tengu zombie (Vaults:5)
  A flaming corpse (Orc:3)
  A necromancer (Depths:1)
  A phantasmal warrior (Vaults:5)
  11 orc knights
  4 red wasps
  2 orc sorcerers
  5 cyclopes
  A sixfirhy (Vaults:5)
  An oklob plant (Forest:3)
  A moth of wrath (Zot:2)
  An octopode (D:16)
  2 spiny worms
  A stone giant skeleton (Depths:1)
  Maurice (D:11)
  An eye of devastation (Slime:4)
  3 deep elf summoners
  8 elephants
  8 spiny frogs
  64 yaktaurs
  3 vault sentinels (Vaults:4)
  5 spirit wolves
  A smoke demon (Elf:3)
  2 komodo dragons
  2 iron devils
  An iron troll zombie (Depths:1)
  A sea snake zombie (Shoals:1)
  2 deep elf priests
  An item mimic (Spider:2)
  A mermaid (shapeshifter) (Depths:4)
  A tengu conjurer (Depths:2)
  7 mermaids
  A blue devil (Depths:3)
  6 demonic crawlers
  2 guardian mummies (Forest:3)
  2 red devils
  A spriggan (shapeshifter) (Depths:6)
  7 giant fireflies
  15 orb spiders
  21 two-headed ogres
  7 trolls
  A wind drake (shapeshifter) (Vaults:5)
  16 spriggans
  A polar bear (shapeshifter) (Elf:2)
  A queen bee (shapeshifter) (Vaults:4)
  52 slime creatures
  20 jumping spiders
  3 wind drakes
  8 blink frogs
  A yaktaur (shapeshifter) (Depths:1)
  3 brown oozes
  5 boulder beetles
  12 snapping turtles
  A brown ooze (shapeshifter) (Depths:3)
  7 thorn lotuses
  An ettin zombie (Depths:1)
  A removed MONS_FORMICID_DRONE (Spider:2)
  53 ugly things
  A grizzly bear (shapeshifter) (Elf:1)
  3 basilisks
  5 grizzly bears
  A shadow (D:16)
  29 redbacks
  A boulder beetle (shapeshifter) (Depths:5)
  A griffon skeleton (D:10)
  A ynoxinul (Spider:1)
  10 tarantellas
  12 trapdoor spiders
  A hill giant zombie (D:16)
  A fire giant simulacrum (Depths:1)
  A wraith (D:12)
  10 deep elf magi
  8 air elementals
  25 water elementals
  Eustachio (Orc:2)
  3 fire elementals (Spider:2)
  2 neqoxecs
  21 yaks
  33 merfolk
  13 deep elf fighters
  3 vampires
  Grum (Orc:1)
  A clay golem (D:16)
  6 vampire mosquitoes
  An elephant slug (Lair:5)
  9 hippogriffs
  30 wolves
  17 sharks
  8 manticores
  A soldier ant (shapeshifter) (D:16)
  3 freezing wraiths
  15 soldier ants
  A swamp drake (Lair:4)
  2 hell hounds (Spider:2)
  A mottled dragon (shapeshifter) (Depths:4)
  An ettin simulacrum (Depths:1)
  2 merfolk zombies (Shoals:1)
  28 orc warriors
  4 nagas (Depths:1)
  2 sky beasts
  4 black bears
  A boring beetle (shapeshifter) (Vaults:1)
  7 giant goldfish
  4 ice beasts
  10 tengu
  3 yellow wasps
  21 centaurs
  6 crocodiles
  A rotting devil (Vaults:5)
  A human zombie (Vaults:5)
  The ghost of M4edhros the Ducker, an average DsMo (Ossuary)
  21 ogres
  5 giant slugs
  7 giant frogs
  4 wargs
  7 water moccasins
  A giant slug zombie (D:11)
  Blork the orc (Orc:1)
  2 jellies
  A cyclops zombie (D:16)
  A manticore zombie (Shoals:1)
  A deep troll simulacrum (Vaults:2)
  5 agate snails
  An eye of draining (Slime:5)
  A cyclops skeleton (D:12)
  4 troll zombies (WizLab)
  A boulder beetle zombie (D:16)
  An eye of draining (shapeshifter) (Vaults:4)
  7 electric eels
  A hippogriff zombie (Shoals:1)
  A merfolk simulacrum (Shoals:1)
  5 wights
  A yak skeleton (D:8)
  7 jellyfish
  3 quasits
  6 killer bees
  6 crimson imps
  4 goliath beetles
  10 big fish
  A giant frog skeleton (D:10)
  3 hounds
  10 spiders (Spider:5)
  2 iron imps
  10 orc wizards
  4 orc priests
  34 worker ants
  2 iguanas
  14 sheep
  An ogre zombie (WizLab)
  2 hound zombies
  A spider zombie (Spider:5)
  7 mummies (Ossuary)
  7 adders
  2 worker ant zombies
  2 lemures
  4 giant centipedes
  13 white imps
  8 green rats
  A giant mite (D:9)
  2 worms
  2 ufetubi
  2 grey rats (D:3)
  2 giant eyeballs
  98 orcs
  A gnoll zombie (Ossuary)
  A hobgoblin (D:2)
  A jackal (Lair:4)
  5 kobolds
  6 quokkas
  2 ball pythons
  10 bats
  A giant cockroach (D:8)
  5 giant geckos
  6 goblins
  2 illusory rakshasas (Depths:3)
  A kobold zombie (Ossuary)
  An orc zombie (Ossuary)
  4 rats
  A bush (Lair:8)
  A butterfly (Lair:1)
  17 fungi
  29 plants
  9 snaplasher vines
  A snaplasher vine segment (Forest:2)
  A tentacle (Shoals:5)
1759 creatures vanquished.

Vanquished Creatures (others)
  7 profane servitors
  6 bone dragons
  6 ghouls
  A balrug (Vaults:1)
  A stone giant (Depths:5)
  An elemental wellspring (Forest:1)
  A deep elf death mage (Elf:3)
  A vault guard (Vaults:5)
  A spectral draconian (Depths:6)
  7 death cobs
  A spectral spriggan (Forest:3)
  A storm dragon zombie (Vaults:5)
  4 hell knights (Depths:2)
  A spectral elf (Vaults:5)
  2 storm dragon skeletons (Zot:3)
  5 skeletal warriors
  31 large abominations
  A golden dragon zombie (Vaults:5)
  2 spectral ettins
  7 flayed ghosts
  A golden dragon skeleton (Depths:6)
  4 flaming corpses
  A giant amoeba (Slime:6)
  A spectral hill giant (D:16)
  9 stone giant zombies
  An apis zombie (Forest:1)
  3 fire giant zombies
  14 small abominations
  6 phantasmal warriors
  A stone giant skeleton (Depths:5)
  A mottled draconian zombie (Depths:6)
  A blue devil (Elf:2)
  9 yaktaur zombies
  A dire elephant skeleton (Forest:3)
  2 purple draconian zombies (Depths:6)
  A black draconian zombie (Depths:6)
  An emperor scorpion zombie (Spider:5)
  2 iron troll zombies (Depths:6)
  A spectral human (Forest:1)
  A yaktaur (Depths:3)
  A pale draconian skeleton (Zot:3)
  4 centaur zombies
  An ancient bear skeleton (Forest:2)
  A hydra zombie (Depths:3)
  A redback zombie (Forest:1)
  A black draconian skeleton (Zot:2)
  11 human zombies
  A jumping spider zombie (Spider:5)
  A red wasp zombie (Spider:5)
  4 fire elementals
  An ice dragon zombie (Depths:6)
  2 deep troll skeletons (Depths:6)
  5 flying skulls
  A fire dragon skeleton (Zot:2)
  6 shadows
  2 hill giant zombies
  3 giant firefly zombies (Forest:2)
  2 hill giant skeletons
  2 spriggan zombies (Forest:2)
  3 wraiths
  2 water nymph skeletons
  9 deep troll zombies
  A faun zombie (Forest:3)
  A deep elf fighter (Elf:1)
  5 freezing wraiths
  A spectral two-headed ogre (D:16)
  An elephant zombie (Depths:4)
  3 ogres
  A giant goldfish (Spider:3)
  An ugly thing zombie (D:16)
  2 merfolk zombies
  A manticore zombie (D:12)
  A cyclops zombie (D:16)
  2 yaktaur skeletons
  A wyvern skeleton (D:10)
  A hippogriff zombie (D:11)
  A troll zombie (Orc:4)
  A wight (D:9)
  A shark zombie (Depths:4)
  A yak zombie (Forest:1)
  A grizzly bear skeleton (Forest:2)
  A wolf zombie (Lair:1)
  A giant goldfish skeleton (Forest:2)
  A troll skeleton (D:16)
  2 yak skeletons (Forest:1)
  A crimson imp (Lair:2)
  2 yellow wasp zombies (Forest:2)
  A wolf skeleton (Forest:1)
  A basilisk zombie (D:16)
  4 elf zombies
  5 two-headed ogre zombies
  4 centaur skeletons
  A warg zombie (Orc:4)
  2 giant frog skeletons
  A water moccasin skeleton (Lair:4)
  5 worker ant zombies (Lair:1)
  A warg skeleton (D:16)
  3 killer bee zombies
  4 ogre zombies
  3 tengu zombies
  A dwarf skeleton (Depths:4)
  2 hound skeletons
  A mummy (D:6)
  2 naga zombies (Depths:1)
  A steam dragon zombie (D:11)
  A lemure (Vaults:3)
  A big fish zombie (D:10)
  3 white imps
  A big fish skeleton (Forest:2)
  A goliath beetle zombie (D:12)
  2 ufetubi
  An adder zombie (Lair:8)
  4 electric eel zombies
  A scorpion zombie (D:10)
  5 adder skeletons
  A giant centipede zombie (Lair:2)
  8 bat skeletons
  A bat zombie (Shoals:5)
  A giant mite zombie (D:9)
  4 giant gecko skeletons
  A giant gecko zombie (D:11)
  4 goblin skeletons
  A green rat skeleton (Sewer)
  2 grey rat skeletons (Sewer)
  2 illusory rakshasas (Depths:3)
  2 jackal skeletons (D:8)
  5 kobold skeletons
  2 kobold zombies (D:10)
  12 orc skeletons
  17 orc zombies
  3 quokka skeletons
  4 rat skeletons
  A rat zombie (D:7)
  7 butterflies (Zot:2)
  9 crawling corpses
  27 fungi
  3 macabre masses
  26 plants
  A snaplasher vine (Forest:2)
  79 snaplasher vine segments
  32 tentacles
  151 tentacle segments
715 creatures vanquished.

Grand Total: 3964 creatures vanquished

Notes
Turn   | Place    | Note
--------------------------------------------------------------
     0 | D:1      | Psiweapon, the Deep Dwarf Necromancer, began the quest for the Orb.
     0 | D:1      | Reached XP level 1. HP: 15/15 MP: 2/2
   209 | D:1      | Reached XP level 2. HP: 22/22 MP: 1/3
  1123 | D:2      | Reached XP level 3. HP: 24/28 MP: 3/6
  1129 | D:2      | Learned a level 3 spell: Vampiric Draining
  1134 | D:2      | Learned a level 1 spell: Animate Skeleton
  1374 | D:2      | Found a basalt altar of Yredelemnul.
  1381 | D:2      | Became a worshipper of Yredelemnul the Dark
  1749 | D:3      | Reached skill level 5 in Necromancy
  1750 | D:3      | Reached XP level 4. HP: 28/36 MP: 1/7
  1775 | D:3      | Reached skill level 1 in Axes
  1875 | D:3      | Reached skill level 1 in Armour
  2004 | D:3      | Acquired Yredelemnul's first power
  2100 | D:3      | Reached XP level 5. HP: 23/42 MP: 0/9
  2117 | D:3      | Found a glowing drain.
  2195 | Sewer    | Entered a sewer
  2620 | Sewer    | Acquired Yredelemnul's second power
  2904 | Sewer    | Reached XP level 6. HP: 29/49 MP: 0/10
  3616 | D:3      | Reached skill level 6 in Necromancy
  3616 | D:3      | Reached skill level 1 in Invocations
  3619 | D:3      | Acquired Yredelemnul's third power
  4113 | D:4      | Reached XP level 7. HP: 39/55 MP: 4/12
  4663 | D:5      | Entered Level 5 of the Dungeon
  4716 | D:5      | Noticed Dowan
  4719 | D:5      | Noticed Duvessa
  4724 | D:5      | Killed Dowan
  4727 | D:5      | Killed Duvessa
  4788 | D:5      | Gained mutation: You are clumsy. (Dex -2) [mutagenic meat]
  4789 | D:5      | Gained mutation: You possess an exceptional clarity of mind. [mutagenic meat]
  4790 | D:5      | Gained mutation: You are robust (+10% HP). [mutagenic meat]
  4970 | D:5      | Noticed July's ghost (experienced MiCK)
  4994 | D:6      | Learned a level 4 spell: Control Undead
  5079 | D:6      | Noticed July's ghost (experienced SpEn)
  5088 | D:6      | Found a staircase to the Ecumenical Temple.
  5097 | D:6      | Found a sand-covered staircase.
  5241 | D:6      | Acquired Yredelemnul's fourth power
  5241 | D:6      | Reached XP level 8. HP: 53/68 MP: 2/14
  5241 | D:6      | Received a gift from Yredelemnul
  5304 | D:6      | Found Ikesap's Magic Scroll Shoppe.
  5309 | D:6      | Reached skill level 7 in Necromancy
  5348 | Ossuary  | Entered an ossuary
  5360 | Ossuary  | Noticed M4edhros' ghost (average DsMo)
  5377 | Ossuary  | Reached skill level 5 in Armour
  5403 | Ossuary  | Killed M4edhros' ghost
  5403 | Ossuary  | Reached skill level 5 in Axes
  5658 | D:6      | Bought a scroll of identify for 24 gold pieces
  5658 | D:6      | Bought a scroll of curse armour for 24 gold pieces
  5658 | D:6      | Bought a scroll of amnesia for 66 gold pieces
  5658 | D:6      | Bought a scroll of identify for 24 gold pieces
  5658 | D:6      | Bought a scroll of identify for 24 gold pieces
  5883 | D:6      | Found an ancient bone altar of Kikubaaqudgha.
  6040 | D:6      | Reached skill level 1 in Fighting
  6081 | D:7      | Reached skill level 5 in Invocations
  6196 | D:7      | Found Twiammau's Magical Wand Boutique.
  6211 | D:7      | Found Biotigih's Magic Scroll Boutique.
  6313 | D:7      | Found Alen's Magical Wand Boutique.
  6325 | D:7      | Found Logaofre's Jewellery Emporium.
  6334 | D:7      | Bought a cursed -3,-3 ring of slaying for 22 gold pieces
  6889 | D:7      | Noticed Ijyb
  6896 | D:7      | Killed Ijyb
  7378 | Temple   | Entered the Ecumenical Temple
  7484 | Temple   | Learned a level 2 spell: Blink
  7604 | D:7      | Received a gift from Yredelemnul
  7910 | D:8      | Gained mutation: You passively map the area around you. [level up]
  7910 | D:8      | Reached XP level 9. HP: 70/81 MP: 8/18
  8384 | D:8      | Found a sparkling altar of Nemelex Xobeh.
  8384 | D:8      | Found a glowing golden altar of the Shining One.
  8512 | D:10     | Entered Level 10 of the Dungeon
  9487 | D:10     | Noticed an octopode
  9499 | D:10     | Killed an octopode
  9565 | D:11     | Noticed an eight-headed hydra
  9578 | D:10     | Reached XP level 10. HP: 17/95 MP: 0/21
  9923 | D:10     | Reached skill level 8 in Armour
 10188 | D:10     | Noticed a hill giant
 10212 | D:10     | Killed a hill giant
 10224 | D:10     | Reached skill level 5 in Fighting
 10449 | D:10     | Received a gift from Yredelemnul
 10655 | D:6      | Killed July's ghost
 10655 | D:6      | Reached skill level 5 in Spellcasting
 10741 | Temple   | Identified 2 scrolls of acquirement
 10772 | Temple   | Learned a level 2 spell: Call Imp
 10778 | Temple   | Learned a level 5 spell: Twisted Resurrection
 11130 | D:10     | Reached skill level 1 in Evocations
 11132 | D:10     | Reached skill level 1 in Staves
 11195 | D:10     | Reached skill level 9 in Armour
 11867 | D:11     | Noticed an ice statue
 11868 | D:11     | Found a gateway to a bazaar.
 11934 | D:11     | Killed an ice statue
 11934 | D:11     | Reached XP level 11. HP: 36/105 MP: 12/23
 11945 | D:11     | Killed a nine-headed hydra
 11945 | D:11     | Reached skill level 5 in Evocations
 11957 | Bazaar   | Entered a bazaar
 11959 | Bazaar   | Found Choigen's General Store.
 11963 | Bazaar   | Found Doap's Book Shop.
 11988 | Bazaar   | Found Zuattuth's Antique Armour Emporium.
 11995 | Bazaar   | Found Kugud's Assorted Antiques.
 12002 | Bazaar   | Bought a glowing helmet for 87 gold pieces
 12006 | Bazaar   | Bought a glowing helmet for 87 gold pieces
 12023 | Bazaar   | Bought a cloak for 19 gold pieces
 12042 | Bazaar   | Bought a +0 elven cloak for 17 gold pieces
 12060 | Bazaar   | Bought a potion of magic for 70 gold pieces
 12060 | Bazaar   | Bought a potion of invisibility for 55 gold pieces
 12616 | D:11     | Paralysed by a giant eyeball for 3 turns
 12885 | D:11     | Noticed Maurice
 12907 | D:11     | Received a gift from Yredelemnul
 12938 | D:11     | Killed Maurice
 12981 | D:11     | Noticed an elephant
 12985 | D:11     | Found a staircase to the Lair.
 12990 | D:11     | Killed an elephant
 13004 | Lair:1   | Entered Level 1 of the Lair of Beasts
 13202 | Lair:1   | Reached skill level 10 in Armour
 13491 | Lair:1   | Reached skill level 5 in Staves
 14452 | Lair:2   | Got a shimmering lajatang
 14453 | Lair:2   | Identified the +6,+8 lajatang of Luickev {freeze, Int+4} (You acquired it on level 2 of the Lair of Beasts)
 14788 | Lair:2   | Gained mutation: You can spit poison. [potion of beneficial mutation]
 15755 | Lair:3   | Found a staircase to the Shoals.
 15894 | Lair:3   | Reached XP level 12. HP: 102/113 MP: 15/25
 15939 | Lair:3   | Received a gift from Yredelemnul
 15970 | Lair:3   | Found a labyrinth entrance.
 15982 | Lab      | Entered a labyrinth
 16473 | Lab      | Noticed a minotaur
 16480 | Lab      | Killed a minotaur
 16480 | Lab      | Reached skill level 10 in Evocations
 16525 | Lair:3   | July: I do die a lot :P
 17397 | Lair:4   | Noticed a five-headed hydra
 17409 | Lair:4   | Killed a five-headed hydra
 17619 | Lair:4   | Received a gift from Yredelemnul
 17774 | Lair:4   | Acquired Yredelemnul's fifth power
 17983 | Lair:4   | Received a gift from Yredelemnul
 18184 | Lair:4   | Reached skill level 11 in Evocations
 18339 | Lair:5   | Noticed a five-headed hydra
 18345 | Lair:5   | Killed a five-headed hydra
 18554 | Lair:5   | Noticed Torious' ghost (powerful DESu)
 18562 | Lair:5   | Killed Torious' ghost
 18572 | Lair:5   | Noticed Drahman's ghost (powerful DrMo)
 18590 | Lair:5   | Killed Drahman's ghost
 18593 | Lair:5   | Noticed a seven-headed hydra
 18603 | Lair:5   | Killed a seven-headed hydra
 19038 | Lair:5   | Found a hole to the Spider Nest.
 19788 | Lair:6   | Reached skill level 10 in Necromancy
 19885 | Lair:6   | Received a gift from Yredelemnul
 19891 | Lair:6   | Reached XP level 13. HP: 82/126 MP: 22/27
 19982 | Lair:6   | Found a snail-covered altar of Cheibriados.
 20367 | Lair:7   | Found a dark tunnel.
 21007 | Lair:7   | Found a staircase to the Slime Pits.
 21582 | Lair:7   | Received a gift from Yredelemnul
 22209 | Lair:8   | Entered Level 8 of the Lair of Beasts
 22639 | Lair:8   | Received a gift from Yredelemnul
 22755 | Lair:8   | Noticed a dire elephant
 22769 | Lair:8   | Killed a dire elephant
 23356 | Lair:8   | Reached skill level 10 in Invocations
 23596 | Lair:8   | Received a gift from Yredelemnul
 23955 | D:11     | Noticed a griffon
 23965 | D:11     | Killed a griffon
 24011 | D:11     | Noticed a five-headed hydra
 24023 | D:11     | Killed a five-headed hydra
 24082 | D:11     | Noticed a hill giant
 24097 | D:11     | Killed a hill giant
 24183 | D:11     | Killed an unseen horror
 24320 | D:11     | Found a staircase to the Orcish Mines.
 24820 | Lair:2   | Learned a level 6 spell: Death Channel
 24905 | D:12     | Noticed Psyche
 24913 | D:12     | Killed Psyche
 25120 | D:12     | Noticed Nergalle
 25126 | D:12     | Killed Nergalle
 25130 | D:12     | Gained mutation: You resist negative energy. [level up]
 25130 | D:12     | Reached XP level 14. HP: 125/139 MP: 17/28
 25656 | D:11     | Paralysed by a giant eyeball for 3 turns
 26091 | D:13     | Received a gift from Yredelemnul
 26671 | D:14     | Found a gate to the Vaults.
 26797 | D:14     | Received a gift from Yredelemnul
 26825 | D:14     | Reached skill level 10 in Staves
 26975 | D:14     | Received a gift from Yredelemnul
 27192 | D:14     | Found a flagged portal.
 27234 | Bailey   | Entered a bailey
 27251 | Bailey   | Received a gift from Yredelemnul
 28086 | Orc:1    | Entered Level 1 of the Orcish Mines
 28086 | Orc:1    | Noticed Grum
 28089 | Orc:1    | Reached skill level 5 in Dodging
 28089 | Orc:1    | Killed Grum
 28094 | Orc:1    | Reached skill level 10 in Fighting
 28113 | Orc:1    | Your ally Grum died
 28279 | Orc:2    | Killed Eustachio
 28283 | Orc:2    | Found a deep blue altar of Sif Muna.
 28290 | Orc:2    | Received a gift from Yredelemnul
 28702 | Orc:3    | Found a frozen archway.
 28704 | Orc:3    | Found a staircase to the Elven Halls.
 28778 | IceCv    | Entered an ice cave
 29000 | Orc:4    | Entered Level 4 of the Orcish Mines
 29000 | Orc:4    | Found Osaivihu's Magical Wand Shoppe.
 29043 | Orc:4    | Found Jemij's Antique Armour Shop.
 29067 | Orc:4    | Found Gifop's Book Shop.
 29067 | Orc:4    | Found Twubium's Distillery.
 29123 | Orc:4    | Found a roughly hewn altar of Beogh.
 29148 | Orc:4    | Found Dealic's Food Shop.
 29148 | Orc:4    | Found Ypuazuink's Antique Armour Emporium.
 29246 | Orc:4    | Bought a bread ration for 52 gold pieces
 29405 | Orc:4    | Bought a potion of magic for 105 gold pieces
 29405 | Orc:4    | Bought a potion of resistance for 105 gold pieces
 29552 | Orc:4    | Found Immenaugy's Food Emporium.
 29561 | Orc:4    | Found Hunu's Food Boutique.
 29570 | Orc:4    | Found Utaupear's Book Shop.
 30328 | Orc:3    | Found a roughly hewn altar of Beogh.
 30850 | Orc:1    | Received a gift from Yredelemnul
 30908 | Orc:1    | Found a burning altar of Makhleb.
 30913 | Orc:1    | Noticed Blork the orc
 30920 | Orc:1    | Killed Blork the orc
 31044 | D:11     | Upgraded the game from 0.14-a0-1444-g21dc12d to 0.14-a0-1474-g1105da3
 31247 | Spider:1 | Entered Level 1 of the Spider Nest
 31270 | Spider:1 | Noticed Torious' ghost (powerful DESu)
 31275 | Spider:1 | Killed Torious' ghost
 31321 | Spider:1 | Received a gift from Yredelemnul
 31504 | Spider:1 | Reached XP level 15. HP: 97/154 MP: 27/31
 31521 | Spider:1 | Noticed Snorg
 31537 | Spider:1 | Killed Snorg
 31760 | Spider:1 | Received a gift from Yredelemnul
 31950 | Spider:1 | Noticed Roxanne
 31972 | Spider:1 | Killed Roxanne
 31973 | Spider:1 | Received a gift from Yredelemnul
 31975 | Spider:1 | Identified Roxanne's Collected Works on the Hurtful Rocks (You took it off Roxanne on level 1 of the Spider Nest)
 31980 | Spider:1 | Noticed Urug
 31988 | Spider:1 | Killed Urug
 32479 | Spider:2 | Noticed Azrael
 32492 | Spider:2 | Killed Azrael
 32689 | Spider:2 | Noticed Agnes
 32698 | Spider:2 | Killed Agnes
 33086 | Spider:3 | Received a gift from Yredelemnul
 33524 | Spider:3 | Received a gift from Yredelemnul
 34650 | Spider:5 | Entered Level 5 of the Spider Nest
 34714 | Spider:5 | Received a gift from Yredelemnul
 34714 | Spider:5 | Received a gift from Yredelemnul
 34956 | Spider:5 | Received a gift from Yredelemnul
 35011 | Spider:5 | Received a gift from Yredelemnul
 35209 | Spider:5 | Got a gossamer rune of Zot
 36250 | D:5      | Reached XP level 16. HP: 116/167 MP: 23/33
 36468 | D:5      | Killed July's ghost
 36849 | D:15     | Entered Level 15 of the Dungeon
 36985 | D:15     | Found Ytiuh's Jewellery Boutique.
 37007 | D:15     | Bought the ring of Lilacs {Wiz +Blink Int+2 Acc+2} for 775 gold pieces
 37243 | D:15     | Noticed Harold
 37248 | D:15     | Killed Harold
 37367 | D:16     | Entered Level 16 of the Dungeon
 37381 | D:16     | Reached skill level 12 in Staves
 37615 | D:16     | Found a staircase to the Depths.
 37980 | D:16     | Reached skill level 10 in Spellcasting
 38000 | D:16     | Reached skill level 10 in Dodging
 38682 | D:16     | Received a gift from Yredelemnul
 39115 | Lair:2   | Upgraded the game from 0.14-a0-1474-g1105da3 to 0.14-a0-1499-g388a102
 41711 | Elf:1    | Entered Level 1 of the Elven Halls
 41718 | Elf:1    | Received a gift from Yredelemnul
 41802 | Elf:1    | Noticed Rupert
 41813 | Elf:1    | Killed Rupert
 43016 | Elf:2    | Noticed Wiglaf
 43030 | Elf:2    | Killed Wiglaf
 43213 | Elf:2    | Your ally Wiglaf died
 43711 | Elf:3    | Entered Level 3 of the Elven Halls
 43711 | Elf:3    | Found a shimmering altar of Xom.
 43717 | Elf:3    | Received a gift from Yredelemnul
 43814 | Elf:3    | Reached XP level 17. HP: 130/178 MP: 6/34
 43991 | Elf:3    | Reached skill level 13 in Staves
 44140 | Elf:3    | Noticed a deep elf blademaster
 44154 | Elf:3    | Killed a deep elf blademaster
 44159 | Elf:3    | Got a shimmering glass ring
 44167 | Elf:3    | Received a gift from Yredelemnul
 44356 | Elf:3    | Noticed a deep elf master archer
 44369 | Elf:3    | Killed a deep elf master archer
 44387 | Elf:3    | Identified the ring of Deofryn {SustAb rF-} (You took it off a deep elf blademaster on level 3 of the Elven Halls)
 44506 | Elf:3    | Noticed a deep elf master archer
 44507 | Elf:3    | Noticed a deep elf blademaster
 44517 | Elf:3    | Killed a deep elf master archer
 44521 | Elf:3    | Killed a deep elf blademaster
 44560 | Elf:3    | Identified the Collected Works on Enchantment
 44572 | Elf:3    | Identified the Disquisition on Harmful Cold (You found it on level 3 of the Elven Halls)
 44594 | Elf:3    | Got a twisted long sword
 44595 | Elf:3    | Identified the +8,+10 long sword of Dim Light {pain, rF+ SInv} (You found it on level 3 of the Elven Halls)
 44626 | Elf:3    | Got a fine great sword
 44627 | Elf:3    | Identified the +8,+4 great sword "Ogre's Funeral" {slice, -Tele rC+ Int+4} (You took it off a deep elf sorcerer on level 3 of the Elven Halls)
 45571 | Elf:3    | Got a brightly glowing bow
 46857 | Lair:2   | Identified the +9,+4 bow "Ajegoat" {velocity, Stlth+} (You found it on level 3 of the Elven Halls)
 46990 | Vaults:1 | Entered Level 1 of the Vaults
 47000 | Vaults:1 | Reached skill level 1 in Long Blades
 47180 | Vaults:1 | Found Memau's Antique Armour Boutique.
 47340 | Vaults:1 | Noticed Nessos
 47353 | Vaults:1 | Killed Nessos
 47824 | Vaults:1 | Learned a level 5 spell: Agony
 47856 | Vaults:1 | Received a gift from Yredelemnul
 48107 | Vaults:2 | Found Himoott's Magical Wand Shoppe.
 48419 | Vaults:2 | Received a gift from Yredelemnul
 48997 | Vaults:2 | Gained mutation: You passively map a large area around you. [level up]
 48997 | Vaults:2 | Reached XP level 18. HP: 112/191 MP: 31/35
 49275 | Vaults:2 | Reached skill level 5 in Long Blades
 49387 | Vaults:2 | Reached skill level 14 in Invocations
 49388 | Vaults:2 | Received a gift from Yredelemnul
 49680 | Vaults:3 | Received a gift from Yredelemnul
 49920 | Vaults:3 | Found a staircase to the Enchanted Forest.
 50299 | Vaults:3 | Identified Lenowuin's Guide on Destructive Fire (You found it on level 3 of the Vaults)
 50354 | Vaults:3 | Received a gift from Yredelemnul
 51178 | Vaults:4 | Noticed Donald
 51182 | Vaults:4 | Killed Donald
 51263 | Vaults:4 | Received a gift from Yredelemnul
 51514 | Vaults:4 | Reached skill level 15 in Invocations
 51558 | Vaults:4 | Received a gift from Yredelemnul
 51949 | Vaults:4 | Paralysed by a red wasp for 1 turns
 52102 | Vaults:4 | Found a staircase to the Hall of Blades.
 52844 | Lair:2   | Learned a level 2 spell: Repel Missiles
 52847 | Lair:2   | Learned a level 2 spell: Sublimation of Blood
 53400 | Vaults:5 | Entered Level 5 of the Vaults
 53405 | Vaults:5 | Noticed Mara
 53408 | Vaults:5 | Reached XP level 19. HP: 172/201 MP: 27/35
 53409 | Vaults:5 | Noticed Mara
 53409 | Vaults:5 | Noticed Mara
 53413 | Vaults:5 | Noticed Psiweapon's illusion
 53413 | Vaults:5 | Received a gift from Yredelemnul
 53421 | Vaults:5 | Received a gift from Yredelemnul
 53428 | Vaults:5 | Noticed Jorgrun
 53439 | Vaults:5 | Noticed Mara
 53439 | Vaults:5 | Noticed Mara
 53561 | Vaults:5 | Noticed Psiweapon's illusion
 53567 | Vaults:5 | Noticed Mara
 53572 | Vaults:5 | Noticed Mara
 53574 | Vaults:5 | Killed Jorgrun
 53588 | Vaults:5 | Killed Psiweapon's illusion
 53598 | Vaults:5 | Killed Mara
 53619 | Vaults:5 | Reached skill level 16 in Invocations
 53639 | Vaults:5 | Noticed a golden dragon
 53640 | Vaults:5 | Reached skill level 15 in Necromancy
 53651 | Vaults:5 | Killed a golden dragon
 53651 | Vaults:5 | Reached skill level 15 in Fighting
 53696 | Vaults:5 | Got a silver rune of Zot
 54419 | Vaults:5 | Got a pair of twisted gloves
 54423 | Vaults:5 | Identified the +2 pair of gloves "Meivoako" {rF+ Dex+3} (You found it on level 5 of the Vaults)
 54655 | Vaults:5 | Identified Fuoqukk's Grimoire of Aid (You found it on level 5 of the Vaults)
 54750 | Vaults:5 | Noticed Saint Roka
 54765 | Vaults:5 | Killed Saint Roka
 55133 | Vaults:5 | Received a gift from Yredelemnul
 55606 | Vaults:5 | Upgraded the game from 0.14-a0-1499-g388a102 to 0.14-a0-1519-gc5e2f7f
 58449 | Lair:2   | Learned a level 3 spell: Conjure Flame
 59016 | Forest:1 | Entered Level 1 of the Enchanted Forest
 59183 | Forest:1 | Received a gift from Yredelemnul
 59953 | Forest:1 | Found a shimmering altar of Xom.
 59973 | Forest:1 | Received a gift from Yredelemnul
 60391 | Forest:1 | Received a gift from Yredelemnul
 60729 | Forest:1 | Noticed Boris
 60739 | Forest:1 | Killed Boris
 60739 | Forest:1 | Reached skill level 17 in Invocations
 60739 | Forest:1 | Reached XP level 20. HP: 179/214 MP: 35/35
 60992 | Forest:2 | Received a gift from Yredelemnul
 61387 | Forest:2 | Noticed Jory
 61398 | Forest:2 | Killed Jory
 61509 | Forest:2 | Noticed Sojobo
 61526 | Forest:2 | Killed Sojobo
 61604 | Forest:2 | Noticed Xtahua
 61616 | Forest:2 | Killed Xtahua
 61698 | Forest:2 | Your ally Sojobo died
 62668 | Depths:1 | Entered Level 1 of the Depths
 62674 | Depths:1 | Found a gateway to Hell.
 62714 | Depths:1 | Received a gift from Yredelemnul
 62854 | Depths:1 | Got a warped glaive
 63226 | Depths:1 | Found a portal to a secret trove of treasure.
 63748 | Depths:1 | Received a gift from Yredelemnul
 64185 | Orc:4    | Bought a wand of heal wounds (6) for 1020 gold pieces
 64588 | Trove    | Entered a treasure trove
 65181 | Depths:2 | Found a corrupted altar of Lugonu.
 65182 | Depths:2 | Found a one-way gate to the infinite horrors of the Abyss.
 65227 | Depths:2 | Received a gift from Yredelemnul
 65779 | Depths:2 | Received a gift from Yredelemnul
 66172 | Depths:3 | Reached skill level 18 in Invocations
 66184 | Depths:3 | hurdos: Hi
 66189 | Depths:3 | hurdos: How are you restoring HP?
 66319 | Depths:3 | Learned a level 2 spell: Swiftness
 66627 | Depths:3 | Psiweapon: hey
 66627 | Depths:3 | Psiweapon: well
 66627 | Depths:3 | Psiweapon: vampiric draining
 66627 | Depths:3 | Psiweapon: yred's life drain
 66627 | Depths:3 | Psiweapon: occasional wand zap or potion chugged.
 66872 | Depths:3 | Noticed Boris
 66884 | Depths:3 | Killed Boris
 66931 | Depths:3 | Noticed Norris
 66944 | Depths:3 | Killed Norris
 67061 | Depths:3 | Found a one-way gate leading to the halls of Pandemonium.
 67455 | Depths:3 | Got a steaming golden ring
 67457 | Depths:3 | Got a twitching bone amulet
 67458 | Depths:3 | Identified the ring "Shyorav" {Wiz Str+2} (You found it on level 3 of the Depths)
 67459 | Depths:3 | Identified the amulet "Klu Kowu" {Clar rN+ SInv} (You found it on level 3 of the Depths)
 68292 | Depths:4 | Received a gift from Yredelemnul
 68308 | Depths:4 | Found Khuhiri's General Store.
 68425 | Depths:4 | Reached XP level 21. HP: 125/226 MP: 5/37
 68840 | Depths:4 | Received a gift from Yredelemnul
 69066 | Depths:4 | Received a gift from Yredelemnul
 69579 | Depths:4 | Received a gift from Yredelemnul
 69965 | Depths:5 | Noticed Boris
 69972 | Depths:5 | Killed Boris
 69972 | Depths:5 | Reached skill level 19 in Invocations
 70083 | Depths:5 | Noticed Margery
 70103 | Depths:5 | Killed Margery
 70657 | Depths:5 | Received a gift from Yredelemnul
 71839 | Depths:6 | Entered Level 6 of the Depths
 72023 | Depths:6 | Upgraded the game from 0.14-a0-1519-gc5e2f7f to 0.14-a0-1522-g6c286a4
 72099 | Depths:6 | Noticed 4tharraofdagon's ghost (mighty TrMo)
 72134 | Depths:6 | Killed 4tharraofdagon's ghost
 72829 | Depths:6 | Received a gift from Yredelemnul
 73154 | Depths:6 | Reached skill level 15 in Armour
 73301 | Depths:6 | Reached XP level 22. HP: 121/239 MP: 26/38
 73452 | Depths:6 | Received a gift from Yredelemnul
 73659 | Depths:6 | Received a gift from Yredelemnul
 73796 | Depths:6 | Upgraded the game from 0.14-a0-1522-g6c286a4 to 0.14-a0-1527-g89529d6
 73861 | Depths:6 | Identified a +2 cloak of preservation (You took it off a purple draconian on level 6 of the Depths)
 73997 | Depths:6 | Reached skill level 20 in Invocations
 74372 | Lair:2   | Upgraded the game from 0.14-a0-1527-g89529d6 to 0.14-a0-1576-gf4c5cb9
 74507 | Shoals:1 | Entered Level 1 of the Shoals
 74507 | Shoals:1 | Noticed Sonja
 74520 | Shoals:1 | Killed Sonja
 74540 | Shoals:1 | Noticed Josephine
 74562 | Shoals:1 | Killed Josephine
 74764 | Shoals:1 | Your ally Josephine died
 74789 | Shoals:1 | Found a shimmering altar of Xom.
 74870 | Shoals:1 | Found Raustuis' Food Shop.
 78098 | Shoals:4 | Gained mutation: You are somewhat resistant to further mutation. [potion of beneficial mutation]
 78455 | D:7      | Bought a scroll of recharging for 71 gold pieces
 78455 | D:7      | Bought a scroll of magic mapping for 45 gold pieces
 78802 | Shoals:5 | Entered Level 5 of the Shoals
 78880 | Shoals:5 | Got a barnacled rune of Zot
 78929 | Shoals:5 | Received a gift from Yredelemnul
 79103 | Shoals:5 | Found a gateway to a bazaar.
 79115 | Shoals:5 | Noticed Ilsuiw
 79157 | Shoals:5 | Killed Ilsuiw
 79162 | Bazaar   | Entered a bazaar
 79162 | Bazaar   | Found Laec's General Store.
 79166 | Bazaar   | Bought a scroll of recharging for 60 gold pieces
 79166 | Bazaar   | Bought a scroll of recharging for 60 gold pieces
 79176 | Bazaar   | Found Ismal's Antique Armour Shoppe.
 79192 | Bazaar   | Found Ungoh's Jewellery Boutique.
 79203 | Bazaar   | Found Yriuclir's Magic Scroll Emporium.
 79209 | Bazaar   | Found Pluugg's Antique Weapon Emporium.
 79211 | Bazaar   | Bought a scroll of identify for 28 gold pieces
 79211 | Bazaar   | Bought a scroll of blinking for 77 gold pieces
 79211 | Bazaar   | Bought a scroll of identify for 28 gold pieces
 79211 | Bazaar   | Bought a scroll of identify for 28 gold pieces
 79211 | Bazaar   | Bought a scroll of recharging for 77 gold pieces
 79220 | Bazaar   | Bought a glowing scimitar for 81 gold pieces
 79234 | Bazaar   | Bought a scroll of magic mapping for 38 gold pieces
 79234 | Bazaar   | Bought a scroll of enchant armour for 60 gold pieces
 79234 | Bazaar   | Bought a scroll of magic mapping for 38 gold pieces
 79234 | Bazaar   | Bought a scroll of enchant weapon I for 60 gold pieces
 79234 | Bazaar   | Bought a scroll of amnesia for 60 gold pieces
 79272 | Bazaar   | Bought a scroll of enchant weapon II for 77 gold pieces
 79272 | Bazaar   | Bought a scroll of teleportation for 42 gold pieces
 79272 | Bazaar   | Bought a scroll of teleportation for 42 gold pieces
 79272 | Bazaar   | Bought a scroll of remove curse for 42 gold pieces
 79272 | Bazaar   | Bought a scroll of enchant weapon III for 280 gold pieces
 79272 | Bazaar   | Bought a scroll of remove curse for 42 gold pieces
 79272 | Bazaar   | Bought 2 scrolls of teleportation for 84 gold pieces
 79287 | Shoals:5 | Your ally Ilsuiw died
 79908 | Shoals:5 | Received a gift from Yredelemnul
 80528 | Lair:2   | Learned a level 6 spell: Simulacrum
 80530 | Lair:2   | Learned a level 1 spell: Summon Butterflies
 81903 | Depths:6 | Received a gift from Yredelemnul
 81950 | Depths:6 | Reached skill level 1 in Summonings
 81987 | Zot:1    | Entered Level 1 of the Realm of Zot
 82174 | Zot:1    | Reached skill level 1 in Ice Magic
 84213 | Forest:1 | Received a gift from Yredelemnul
 84688 | Forest:2 | Reached XP level 23. HP: 120/250 MP: 13/38
 84990 | Forest:2 | Received a gift from Yredelemnul
 85210 | Forest:3 | Found a staircase to the Tomb.
 85306 | Forest:3 | Found a magical portal.
 85316 | WizLab   | Entered a wizard's laboratory
 85545 | WizLab   | Noticed an antique lich
 85584 | WizLab   | Killed an antique lich
 85996 | Forest:3 | Upgraded the game from 0.14-a0-1576-gf4c5cb9 to 0.14-a0-1585-g835621a
 86061 | Forest:3 | Reached skill level 5 in Ice Magic
 87217 | Slime:1  | Entered Level 1 of the Pits of Slime
 87963 | Slime:4  | Received a gift from Yredelemnul
 88179 | Slime:6  | Entered Level 6 of the Pits of Slime
 88259 | Slime:6  | Noticed the royal jelly
 88300 | Slime:6  | Slain by an acid blob

Action                   |  1- 3 |  4- 6 |  7- 9 | 10-12 | 13-15 | 16-18 | 19-21 | 22-24 || total
-------------------------+-------+-------+-------+-------+-------+-------+-------+-------++-------
Melee: Mace              |     9 |       |       |       |       |       |       |       ||     9
       Hand axe          |    16 |   138 |    25 |       |       |       |       |       ||   179
       War axe           |       |       |   185 |   116 |     1 |       |       |       ||   302
       Staff             |       |       |       |   247 |   726 |   470 |   233 |   327 ||  2003
       Lajatang          |       |       |       |   131 |   112 |   126 |    17 |    24 ||   410
       Rod               |       |       |       |       |     3 |       |       |       ||     3
       Long sword        |       |       |       |       |       |    25 |    29 |   307 ||   361
       Unarmed           |       |       |       |       |       |       |       |     3 ||     3
 Fire: Blowgun           |       |     2 |       |       |       |       |       |       ||     2
Throw: Stone             |    10 |       |       |       |       |       |       |       ||    10
       Javelin           |       |       |     6 |    12 |       |       |       |       ||    18
       Tomahawk          |       |       |     2 |     3 |       |       |       |       ||     5
       Dart              |       |       |       |     7 |       |       |       |       ||     7
 Cast: Pain              |    57 |    12 |    21 |   102 |    48 |    21 |     7 |    25 ||   293
       Animate Skeleton  |     4 |    44 |    30 |    37 |    27 |    32 |    21 |    40 ||   235
       Vampiric Draining |     4 |    30 |    92 |   144 |   241 |   253 |   348 |   252 ||  1364
       Control Undead    |       |       |    10 |     3 |     3 |     5 |     5 |    19 ||    45
       Blink             |       |       |       |     1 |     1 |       |       |    10 ||    12
       Call Imp          |       |       |       |     1 |       |     1 |       |       ||     2
       Twisted Resurrect |       |       |       |    12 |    30 |    28 |    14 |    15 ||    99
       Death Channel     |       |       |       |       |    19 |    43 |    73 |    48 ||   183
       Agony             |       |       |       |       |       |     3 |    56 |    65 ||   124
       Repel Missiles    |       |       |       |       |       |     1 |     7 |     3 ||    11
       Conjure Flame     |       |       |       |       |       |       |     2 |     8 ||    10
       Swiftness         |       |       |       |       |       |       |     1 |     1 ||     2
       Sublimation of Bl |       |       |       |       |       |       |       |    62 ||    62
       Simulacrum        |       |       |       |       |       |       |       |    17 ||    17
       Summon Butterflie |       |       |       |       |       |       |       |    11 ||    11
Invok: Recall Undead Sla |       |     1 |     1 |     8 |    34 |    37 |    41 |    68 ||   190
       Animate Remains   |       |     1 |       |       |       |       |       |       ||     1
       Animate Dead      |       |       |     8 |    29 |    56 |    43 |    59 |    17 ||   212
       Injury Mirror     |       |       |     3 |     2 |     3 |     4 |     1 |     2 ||    15
       Drain Life        |       |       |       |     7 |    15 |    33 |    37 |    15 ||   107
       Enslave Soul      |       |       |       |       |     3 |     4 |     6 |     1 ||    14
 Abil: Spit Poison       |       |       |       |     1 |       |       |       |       ||     1
       Evoke Flight      |       |       |       |       |     1 |       |       |       ||     1
       Device Recharging |       |       |       |       |       |       |     1 |     2 ||     3
       Evoke Blink       |       |       |       |       |       |       |     4 |       ||     4
Evoke: Wand              |       |     5 |    22 |    50 |    29 |    18 |    59 |    47 ||   230
       Rod               |       |       |       |       |    48 |    84 |    20 |    16 ||   168
       lamp of fire      |       |       |       |       |       |       |     5 |     4 ||     9
  Use: Scroll            |       |     4 |    16 |    17 |    23 |    17 |    17 |    15 ||   109
       Potion            |       |       |     1 |     3 |     2 |     6 |    12 |     7 ||    31
 Stab: Distracted        |       |     2 |     1 |     5 |    17 |    10 |     8 |    15 ||    58
       Sleeping          |       |     2 |     3 |     6 |     9 |    21 |     7 |     3 ||    51
       Petrified         |       |       |       |       |     4 |       |       |       ||     4
